 Dungeon Crawl Stone Soup version 0.20-a0-680-g5c496f5 (webtiles) character file.

3370 Laphicet the Covert (level 10, -7/69 HPs)
             Began as an Octopode Assassin on Feb 18, 2017.
             Was an Initiate of Gozag.
             Mangled by Malvoorn's ghost (16 damage)
             ... on level 8 of the Dungeon.
             The game lasted 00:20:02 (8161 turns).

Laphicet the Covert (Octopode Assassin)             Turns: 8161, Time: 00:20:03

Health: -7/69      AC:  1    Str: 14    XL:     10   Next: 3%
Magic:  10/10      EV: 19    Int:  9    God:    Gozag
Gold:   184        SH:  0    Dex: 26    Spells: 8/9 levels left

rFire    + + .     SeeInvis .   E - +6 dagger of Ekiri {flame, +Inv rF+ Int-5 Dex+5}
rCold    . . .     Gourm    .   (no shield)
rNeg     . . .     Faith    .   (helmet restricted)
rPois    .         Spirit   .   (no amulet)
rElec    .         Reflect  .   n - ring of protection from fire
rCorr    .         Harm     .   z - +4 ring of dexterity
MR       .....     Clarity  +   (no ring)
Stlth    ++++++....             (no ring)
Regen    0.3/turn               (no ring)
MPRegen  0.2/turn               (no ring)
                                (no ring)
                                (no ring)

@: no status effects
A: almost no armour, stealthy swim, amphibious, 8 rings, constrict 8, camouflage
1, agile 1, clarity, strong 1, gelatinous body 1
a: Potion Petition, Call Merchant, Bribe Branch, Renounce Religion, Evoke
Invisibility


You were on level 8 of the Dungeon.
You worshipped Gozag.
Gozag was aware of your devotion.
You were very hungry.

You visited 1 branch of the dungeon, and saw 8 of its levels.

You collected 1220 gold pieces.
You spent 325 gold pieces at shops.
You paid 711 gold pieces to Gozag.

Inventory:

Hand Weapons
 a - a +2 dagger
 b - a +0 blowgun
 w - a +1 long sword of electrocution
 C - a +2 dagger of venom
 E - the +6 dagger of Ekiri (weapon) {flame, +Inv rF+ Int-5 Dex+5}
   (You bought it in a shop on level 7 of the Dungeon)

   It has been specially enchanted to burn those struck by it, causing extra
   injury to most foes and up to half again as much damage against particularly
   susceptible opponents.
   It affects your intelligence (-5).
   It affects your dexterity (+5).
   It protects you from fire.
   It lets you turn invisible.
Missiles
 c - 8 poisoned needles
 d - 2 curare-tipped needles
Jewellery
 l - a +3 amulet of reflection {unknown}
 n - a ring of protection from fire (left tentacle)
 y - an uncursed ring of ice
 z - a +4 ring of dexterity (right tentacle)
Wands
 e - a wand of paralysis (6/24)
Scrolls
 g - 4 scrolls of teleportation
 m - 3 scrolls of remove curse
 t - 2 scrolls of enchant armour
 u - 2 scrolls of fog
 x - a scroll of enchant weapon
Potions
 i - a potion of brilliance
 j - a potion of mutation
 o - 2 potions of degeneration {unknown}
 p - 7 potions of curing
 r - 2 potions of might {unknown}
 s - 2 potions of berserk rage {unknown}
 A - a potion of ambrosia {unknown}
Books
 v - a book of Necromancy

   Spells                             Type                      Level
   a - Pain                           Necromancy                   1
   b - Animate Skeleton               Necromancy                   1
   c - Vampiric Draining              Necromancy                   3
   d - Regeneration                   Charms/Necromancy            3
   e - Animate Dead                   Necromancy                   4
   f - Control Undead                 Necromancy                   4
 D - a book of Conjurations

   Spells                             Type                      Level
   a - Magic Dart                     Conjuration                  1
   b - Searing Ray                    Conjuration                  2
   c - Dazzling Spray                 Conjuration/Hexes            3
   d - Fulminant Prism                Conjuration/Hexes            4
   e - Force Lance                    Conjuration/Translocation    4
   f - Iskenderun's Mystic Blast      Conjuration                  4
Comestibles
 f - 10 bread rations
 h - 2 royal jellies
 k - 2 meat rations
 q - 4 fruits


   Skills:
 + Level 6.8 Fighting
 + Level 6.7(7.4) Short Blades
 - Level 4.4(6.2) Long Blades
 - Level 2.0 Throwing
 + Level 6.2 Dodging
 + Level 10.7 Stealth
 + Level 1.0 Evocations


You had 8 spell levels left.
You knew the following spells:

 Your Spells              Type           Power        Failure   Level  Hunger
a - Magic Dart            Conj           #...         38%         1    ##.....


Dungeon Overview and Level Annotations

Branches:
Dungeon (8/15)             Temple (0/1) D:5
   Lair: D:8-11

Altars:
Gozag
Kikubaaqudgha
Nemelex Xobeh
Trog
Xom
Yredelemnul
The Shining One

Shops:
D:6 !   D:7 (

Annotations:
D:8 Malvoorn's ghost, novice TrFi; Maurice


Innate Abilities, Weirdness & Mutations

You cannot wear most types of armour.
You are very stealthy in the water. (Stealth+)
You are amphibious.
You can wear up to eight rings at the same time.
You can use your tentacles to constrict eight enemies at once.
Your skin changes colour to match your surroundings (Stealth+).
Your rubbery body absorbs attacks. (AC +1, EV +1)
You are agile. (Dex +2)
You possess an exceptional clarity of mind.
Your muscles are strong. (Str +2)


Message History

Malvoorn's ghost is almost destroyed.
You barely miss Malvoorn's ghost.
Malvoorn's ghost is almost destroyed.
Malvoorn's ghost hits you!
* * * LOW HITPOINT WARNING * * *
You feel much better. Malvoorn's ghost hits you!!
* * * LOW HITPOINT WARNING * * *
You feel much better. Malvoorn's ghost misses you.
You hit Malvoorn's ghost but do no damage.
You squeeze Malvoorn's ghost!
Malvoorn's ghost is almost destroyed.
Malvoorn's ghost hits you!
* * * LOW HITPOINT WARNING * * *
You completely miss Malvoorn's ghost.
Malvoorn's ghost is almost destroyed.
You hit Malvoorn's ghost. You burn Malvoorn's ghost.
Malvoorn's ghost is almost destroyed.
Malvoorn's ghost hits you!
You die...
Your body crumbles into a pile of gold.

...... ##........#
#......... ##
#........ .
######.......
##...##..# .. #.#
#.....#..# .# ...
####......(.##K###
...
#....(.....$@WK$.#
...
#.###...#$#$##K#.#
# ≈.≈ #.#
##.##.#.# .# #Y#
≈.≈ #.# #.##.#.#
(..... .≈≈ #.#
#.##.#.###..#..
..≈ #.#
#..<........... .
≈≈≈ #.#
####.##.##..#....
≈≈≈ #.#
#.##.##..##. #.#
#.#)).......


You could see a big kobold, Malvoorn's ghost and 2 kobolds.

Vanquished Creatures
  Grinder (D:4)
  A human (D:3)
  A water moccasin (D:6)
  3 orc warriors
  2 phantoms
  An ice beast (D:7)
  7 ogres
  A necrophage (D:6)
  A big kobold (D:7)
  Blork the orc (D:4)
  4 bullfrogs
  3 scorpions
  2 howler monkeys
  2 bullfrog zombies
  3 crimson imps
  A centaur zombie (D:6)
  2 orc priests
  A bullfrog skeleton (D:5)
  2 jellies (D:2)
  5 hounds
  7 orc wizards
  A hound zombie (D:6)
  A hound skeleton (D:4)
  A worker ant zombie (D:5)
  4 gnolls (D:2)
  A howler monkey skeleton (D:5)
  9 adders
  2 shadow imps (D:6)
  An ooze (D:1)
  An adder skeleton (D:7)
  3 worms (D:2)
  4 dart slugs
  6 leopard geckos
  18 orcs
  9 giant cockroaches
  8 goblins
  4 hobgoblins
  3 iguanas
  5 jackals (D:2)
  A quokka (D:3)
  3 ball pythons
  8 bats
  9 frilled lizards
  A jackal skeleton (D:3)
  17 kobolds
  A leopard gecko skeleton (D:7)
  7 rats
179 creatures vanquished.

Vanquished Creatures (others)
  An adder skeleton (D:7)
  A hobgoblin (D:3)
2 creatures vanquished.

Grand Total: 181 creatures vanquished

Notes
Turn   | Place    | Note
-------+----------+-------------------------------------------
     0 | D:1      | Laphicet the Octopode Assassin began the quest for the Orb.
     0 | D:1      | Reached XP level 1. HP: 14/14 MP: 1/1
   190 | D:1      | Reached XP level 2. HP: 19/19 MP: 2/2
   485 | D:1      | Reached XP level 3. HP: 21/25 MP: 3/3
   803 | D:2      | Found a shimmering altar of Xom.
   905 | D:2      | Reached skill level 6 in Stealth
  1081 | D:2      | Reached XP level 4. HP: 30/30 MP: 4/4
  1414 | D:2      | Reached XP level 5. HP: 36/36 MP: 5/5
  2467 | D:3      | Found a runed door.
  2467 | D:3      | Noticed a human
  2473 | D:3      | Found a basalt altar of Yredelemnul.
  2563 | D:3      | Reached skill level 7 in Stealth
  2563 | D:3      | Reached XP level 6. HP: 40/43 MP: 6/6
  2822 | D:3      | Found a sparkling altar of Nemelex Xobeh.
  2823 | D:3      | Found an opulent altar of Gozag.
  2837 | D:3      | Became a worshipper of Gozag Ym Sagoz the Greedy
  3083 | D:3      | Killed a human
  3083 | D:3      | Reached XP level 7. HP: 41/48 MP: 7/7
  3157 | D:4      | Noticed Blork the orc
  3160 | D:4      | Killed Blork the orc
  3179 | D:4      | Noticed Grinder
  3326 | D:3      | Reached skill level 8 in Stealth
  3376 | D:4      | Paralysed by Grinder for 5 turns
  3382 | D:4      | Gained mutation: Your muscles are strong. (Str +2) [potion of mutation]
  3382 | D:4      | Gained mutation: You are agile. (Dex +2) [potion of mutation]
  3382 | D:4      | Gained mutation: You possess an exceptional clarity of mind. [potion of mutation]
  3384 | D:4      | Killed Grinder
  3384 | D:4      | Reached XP level 8. HP: 40/54 MP: 8/8
  3517 | D:4      | Reached skill level 5 in Fighting
  3674 | D:4      | Reached skill level 5 in Short Blades
  3937 | D:4      | Found a bloodstained altar of Trog.
  3987 | D:5      | Entered Level 5 of the Dungeon
  3992 | D:5      | Reached skill level 1 in Long Blades
  4535 | D:5      | Reached skill level 9 in Stealth
  4601 | D:5      | Found a staircase to the Ecumenical Temple.
  5121 | D:6      | Found Qeagosme's Distillery.
  5126 | D:6      | Bought a potion of heal wounds for 75 gold pieces
  5126 | D:6      | Bought a potion of heal wounds for 75 gold pieces
  5185 | D:6      | Reached XP level 9. HP: 59/62 MP: 9/9
  5234 | D:6      | Reached skill level 5 in Dodging
  5685 | D:6      | Found an ancient bone altar of Kikubaaqudgha.
  5687 | D:6      | Found a glowing golden altar of the Shining One.
  6048 | D:6      | Reached skill level 10 in Stealth
  7530 | D:7      | Learned a level 1 spell: Magic Dart
  7916 | D:7      | Bought a transparent dagger for 175 gold pieces
  7917 | D:7      | Identified the +6 dagger of Ekiri {flame, +Inv rF+ Int-5 Dex+5} (You bought it in a shop on level 7 of the Dungeon)
  7950 | D:8      | Noticed a troll
  7950 | D:8      | Noticed Maurice
  7985 | D:8      | Reached XP level 10. HP: 65/69 MP: 8/10
  8075 | D:8      | Noticed Malvoorn's ghost (novice TrFi)
  8137 | D:8      | Reached skill level 1 in Evocations
  8161 | D:8      | Mangled by Malvoorn's ghost

Vault maps used:
D:1:      dpeg_arrival_long_road, roderic_roman_lattice,
          minmay_misc_feat_more_columns, st_stairs_11, serial_bayou_lake_a
D:2:      dk_xom_monty_hall
D:3:      grunt_temple_overflow_opulence, dk_yredelemnul_ordeal
D:4:      first_bread, serial_corexii_hall, corexii_hall_statues_x,
          corexii_hall_statues_i, trog_butcher_becter, uniq_blork_the_orc,
          uniq_grinder
D:5:      minmay_temple_entry_glassed_door
D:6:      chequers_temple_overflow_statue_of_worship, serial_shops,
          kennysheep_little_box
D:7:      grunt_ogre_cave
D:8:      makhleb_altar_promises_db, erik_lair_island, kennysheep_nondescript,
          uniq_prince_ribbit1, uniq_psyche, uniq_maurice

Skill      XL: |  1  2  3  4  5  6  7  8  9 10 |
---------------+-------------------------------+-----
Stealth        | 6 7 8 9 10 | 10.7
Fighting       | 3 4 5 6 |  6.8
Short Blades   | 3 4 5 6 |  6.7
Dodging        | 2 3 4 6 |  6.2
Long Blades    | 2 4 |  4.4
Evocations     | 1 |  1.0
Throwing       | |  2.0

Action                   |  1- 3 |  4- 6 |  7- 9 | 10-12 || total
-------------------------+-------+-------+-------+-------++-------
Melee: Dagger            |    55 |   121 |   127 |    31 ||   334
       Constrict         |     8 |    24 |    45 |     2 ||    79
       Tentacles         |     7 |    20 |    59 |    13 ||    99
       Long sword        |       |       |    71 |       ||    71
Invok: Call Merchant     |       |       |     1 |       ||     1
 Abil: Evoke Invisibilit |       |       |     1 |       ||     1
Evoke: Wand              |       |       |     2 |       ||     2
  Use: Scroll            |       |     5 |     9 |       ||    14
       Potion            |       |       |     3 |     2 ||     5
 Stab: Sleeping          |    10 |    19 |    21 |     3 ||    53
       Distracted        |     1 |     1 |     4 |     2 ||     8
       Paralysed         |       |       |     1 |       ||     1
  Eat: Chunk             |       |     7 |       |       ||     7
       Meat ration       |       |       |     2 |       ||     2
       Royal jelly       |       |       |     2 |       ||     2
       Fruit             |       |       |       |     1 ||     1
Armor: Skin              |     1 |     8 |     6 |       ||    15
Dodge: Dodged            |    27 |    65 |   108 |    11 ||   211
       Rpst.: Long sword |       |       |    15 |       ||    15
